← All builds
Suicide front / Armada / Factory first / OBSERVED BUILD

Standard suicide front

Armada Suicide front build order · Supreme Isthmus

The role's baseline: Bot Lab at 0:21 then straight into reclaim-fed T1 bot production to contest the middle and hold until T2 arrives, with an Advanced Metal Extractor around 9:45.

#rush · 2245 distinct matches · 261 players · 72% of Armada Suicide front games · team won 59% of 2635 · Recently observed

HOW TO PLAY IT

Key timing: Bot Lab by 0:20

  1. Open with mex and lab-first to get Bot Lab up by 0:20.
  2. Expand mex and wind while lab pumps units toward middle.
  3. Push Sentry and early Rocketeer, Centurion to contest middle.
  4. Get T2 constructor out once Pond's boost lets you spare metal.
  5. Upgrade mex to Advanced Metal Extractor as you transition off T1 spam.

Phase by phase

TYPICAL OF ITS 2245 GAMES
  1. 1
  2. 2
  3. 3
PLAY THE OPENING

Follow the example game's first 6:00 step by step: what to build now, what comes next, and where it goes. At 1× it keeps pace with your own game.

  1. 1

    Bot Lab first

    Order
    1. Bot LabBot Lab done ~0:26, middle half 0:20–0:33

    Some games also: mex (47%)

  2. 2

    Bot Lab to 5:00

    Economy
    • Metal Extractor5Mex
    • Wind Turbine4Wind
    Builders
    • Construction Bot3 Con bot
    • Lazarus2 Lazarus
    Army
    • Sentry4 Sentry
    • Rocketeer16 Rocketeer
    • Tick2 Tick
    • Centurion1 Centurion
    Other
    • Radar Tower1 Radar Tower

    Some games also: pawn (39%) · con turret (34%)

    By 5:00 in all: 5 mex · 4 wind

    The example game in this phase · 30 steps
    1. Mex
    2. LazarusLazarus
    3. Mex
    4. PawnPawn
    5. Mex
    6. Construction BotCon bot
    7. SentrySentry
    8. Construction BotCon bot
    9. Mex
    10. LazarusLazarus
    11. CenturionCenturion
    12. Mex
    13. RocketeerRocketeer
    14. SentrySentry
    15. RocketeerRocketeer
    16. Radar TowerRadar Tower
    17. RocketeerRocketeer
    18. SentrySentry
    19. RocketeerRocketeer ×2
    20. TickTick
    21. RocketeerRocketeer ×5
    22. Construction BotCon bot
    23. RocketeerRocketeer ×3
    24. Radar TowerRadar Tower
    25. RocketeerRocketeer ×2
    26. LazarusLazarus
    27. TickTick
    28. RocketeerRocketeer ×3
    29. Mex
    30. RocketeerRocketeer ×2
  3. 3

    5:00 to 10:00

    Economy
    • Metal Extractor1Mex
    • Wind Turbine15Wind
    Builders
    • Construction Turret2 Con turret
    • Lazarus2 Lazarus
    • Construction Bot1 Con bot
    Army
    • Sentry1 Sentry
    • Rocketeer8 Rocketeer

    Some games also: pawn (48%) · Radar Tower (46%) · centurion (44%) · tick (43%) · energy storage (42%) · eat Bot Lab (31%)

    By 10:00 in all: 6 mex · 21 wind · 1 energy storage · 2 con turret

    The example game in this phase · 121 steps
    1. Construction BotCon bot
    2. Radar TowerRadar Tower
    3. RocketeerRocketeer ×3
    4. Construction BotCon bot
    5. PawnPawn
    6. Wind
    7. PawnPawn
    8. Mex
    9. PawnPawn
    10. Wind
    11. PawnPawn ×2
    12. Wind
    13. PawnPawn ×2
    14. Wind
    15. PawnPawn ×2
    16. Wind
    17. PawnPawn ×2
    18. Wind
    19. PawnPawn ×2
    20. Wind
    21. PawnPawn
    22. SentrySentry
    23. PawnPawn
    24. Wind
    25. PawnPawn ×2
    26. Wind
    27. PawnPawn
    28. Advanced Metal ExtractorT2 mexdone 8:32 · typical 9:49
    29. SentrySentry
    30. PawnPawn
    31. Wind
    32. PawnPawn ×2
    33. Wind
    34. PawnPawn ×2
    35. Wind
    36. NettleNettle
    37. PawnPawn ×3
    38. Energy storage
    39. PawnPawn ×2
    40. Dragon's TeethDragon's Teeth ×3
    41. PawnPawn
    42. Dragon's TeethDragon's Teeth ×3
    43. PawnPawn
    44. Wind
    45. NettleNettle
    46. PawnPawn
    47. NettleNettle
    48. PawnPawn
    49. Wind
    50. PawnPawn
    51. Advanced Metal ExtractorT2 mex
    52. PawnPawn
    53. Wind
    54. PawnPawn
    55. Wind
    56. Dragon's TeethDragon's Teeth ×3
    57. Wind
    58. Dragon's TeethDragon's Teeth ×6
    59. Wind
    60. Dragon's TeethDragon's Teeth
    61. PawnPawn
    62. Dragon's TeethDragon's Teeth ×4
    63. Advanced Metal ExtractorT2 mex
    64. Wind
    65. Dragon's TeethDragon's Teeth
    66. PawnPawn
    67. Wind
    68. PawnPawn
    69. Wind
    70. PawnPawn
    71. Wind
    72. PawnPawn ×2
    73. Wind
    74. PawnPawn ×2
    75. Wind
    76. PawnPawn
    77. Advanced Metal ExtractorT2 mex
    78. PawnPawn
    79. Construction BotCon bot
    80. Wind
    81. Construction BotCon bot
    82. PawnPawn ×2
    83. Wind
    84. PawnPawn ×3
    85. Wind
    86. PawnPawn ×3
    87. Wind
    88. PawnPawn ×3
    89. Wind
    90. PawnPawn ×2
    91. RattlesnakeRattlesnakedone 14:32
    92. PawnPawn
    93. Con turret
    94. Wind
    95. PawnPawn
    96. Wind
    97. PawnPawn ×3
    98. Wind
    99. LazarusLazarus
    100. PawnPawn
    101. Wind
    102. PawnPawn ×4
    103. Solar
    104. PawnPawn
    105. Wind
    106. PawnPawn ×4
    107. Solar
    108. PawnPawn
    109. Wind
    110. Construction BotCon bot
    111. Energy storage
    112. CitadelAnti-nukenot finished by 15:00
    113. Wind
    114. Construction BotCon bot
    115. PawnPawn ×2
    116. Wind
    117. PawnPawn ×4
    118. Wind
    119. PawnPawn ×4
    120. Wind
    121. PawnPawn ×3

Counts are medians over the build's games: half of them build more, half fewer. The example game is JustSomeGuy's (43 OS, 15/10/2026); pick another.

Team trades

IN AT LEAST 30% OF ITS GAMES

You hand over

Nothing regular.

You get

  • Tidal Generator4 Tidal from Pondfirst at 0:11 · in 68% of games
  • Advanced Construction Bot1 T2 con bot from Geo or Techfirst at 7:45 · in 57% of games

How it plays out

Typical game of this build, running totals by minute

Metal produced

010k20k
0:005:0010:0015:00

metal

Enemy metal destroyed

05k10k
0:005:0010:0015:00

metal

Own metal lost

05k10k
0:005:0010:0015:00

metal

2635 games.

Show as table
ByMetal produced: This buildEnemy metal destroyed: This buildOwn metal lost: This build
1:0023000
2:0088700
3:002006193130
4:003105646502
5:0041861357990
6:00535222011677
7:00654530812547
8:00775239633443
9:00903447304337
10:001040053465119
11:001185058925901
12:001353664446633
13:001533969177393
14:001720375528179
15:001915081878947
WHAT THE NUMBERS SAY

Standard Suicide front play wins a bit over half its games while taking the heaviest own losses of any role by 15:00.

  • + Produces 20142 metal by 15:00, highest of the front roles.
  • + First kill by 2:01 in all games, fastest contest of middle.
  • − Own metal lost hits 9178 by 15:00, more than enemy metal destroyed.
  • − Only 34% Rocketeer share shows army spread thin across many bot types.
THE EXAMPLE YOU ARE READING

JustSomeGuy

43.5 OS · 15/10/2026

Open source match ↗

34 received units · includes a constructor
170 metal received · 56033 energy received

Allied construction assistance is unknown. Timings are observations, not a promise of solo reproducibility.

Typical milestones

Bot Lab0:26Middle 50%: 0:20–0:33 · n=2626
Advanced Metal Extractor9:49Middle 50%: 8:52–11:00 · n=1888

Played most by

_X_265games of this buildPlatinumBlonde188games of this buildXad165games of this buildTrapCaT112games of this buildSoliloqueur81games of this build
Standard suicide front · Armada Suicide front build order · BAR Build Atlas